AoeStats
← Křovák

Golden Pit

507090818Analyzed
1v1 RM · 16d ago on Sep 16, 2026· 28m 10s· 2 players
Game mode
Random Map
Map size
Tiny (2 player)
Population
200
Speed
Normal
Resources
Standard
Victory
Conquest
Starting age
Dark Age
Ending age
Imperial Age
RankedLock teamsTeams togetherTeam positionsShared explorationLock speedFull tech treeHidden civsTurbo modeCheats
Victory
Defeat
🇨🇿 Malians · Czechia
804
+17
🇹🇷 Maya · Türkiye
825
-41
Křovák
8:30 Loom
10:57 Feudal Age
11:56 Double-Bit Axe
12:25 Horse Collar
20:23 Castle Age
22:44 Heavy Plow
22:57 Bow Saw
Salvador DALİ
8:34 Loom
11:41 Feudal Age
13:36 Wheelbarrow
17:55 Scale Mail Armor
20:05 Castle Age
20:21 Forging
20:17 Eagle Warrior
21:09 Squires
24:02 Chain Mail Armor
26:54 Iron Casting
Connection lost

Rejoining the realm…

Still unreachable

The connection could not be restored.

Session expired

The server has moved on; the page needs a fresh start.